 Dungeon Crawl Stone Soup version 0.29-a0-90-gc37658a0fe (webtiles) character file.

Game seed: 14576394021634710097

39 dracfodder the Skirmisher (level 3, -3/36 HPs)
             Began as a Gargoyle Berserker on Feb 7, 2022.
             Was a Believer of Trog.
             Slain by a water moccasin (7 damage)
             ... in a sewer.
             The game lasted 00:04:23 (1681 turns).

dracfodder the Skirmisher (Gargoyle Berserker)      Turns: 1681, Time: 00:04:24

Health: -3/36      AC:  8    Str: 22    XL:     3   Next: 47%
Magic:  3/3        EV: 11    Int:  7    God:    Trog [**....]
Gold:   26         SH:  0    Dex:  9    Spells: 2/2 levels left

rFire   . . .      SeeInvis .   a - +0 hand axe
rCold   . . .      Faith    .   (no shield)
rNeg    + . .      Spirit   .   b - +0 ring mail
rPois   ∞          Reflect  .   (no helmet)
rElec   +          Harm     .   (no cloak)
rCorr   .          Rampage  .   (no gloves)
Will    .....                   (no boots)
Stlth   ..........              (no amulet)
HPRegen 0.12/turn               (no ring)
MPRegen 0.08/turn               (no ring)

@: berserking (expiring), very quick
A: sickness immunity, AC +3, negative energy resistance 1, electricity
resistance, torment resistance 1, petrification resistance
a: Renounce Religion, Berserk, Trog's Hand


You were in a sewer.
You worshipped Trog.
Trog was pleased with you.
You visited 1 branch of the dungeon, and saw 3 of its levels.
You also visited: Sewer.

You collected 26 gold pieces.

Inventory:

Hand Weapons
 a - a +0 hand axe (weapon)
Missiles
 e - 35 stones (quivered)
Armour
 b - a +0 ring mail (worn)
Scrolls
 c - a scroll of immolation {unknown}
 g - a scroll of fog {unknown}
 h - a scroll of blinking {unknown}
Potions
 d - a potion of curing {unknown}
 f - 2 potions of heal wounds {unknown}


   Skills:
 * Level 4.1 Fighting
 + Level 3.0 Axes
 + Level 2.4 Armour
 + Level 1.9 Dodging


You had 2 spell levels left.
You didn't know any spells.
Your spell library was empty.

Dungeon Overview and Level Annotations

Branches:
Dungeon (3/15)              Sewer (1/1)

Altars:


Innate Abilities, Weirdness & Mutations

You are immune to sickness and miasma.
Your stone body is resilient. (AC +3)
You are immune to poison.
You resist negative energy. (rN+)
You are resistant to electric shocks. (rElec)
You are resistant to unholy torment.
You are immune to petrification.


Message History

The water moccasin misses you.
You closely miss the water moccasin.
The water moccasin is heavily wounded.
The water moccasin bites you but does no damage.
The water moccasin bites you.
You slash the water moccasin!
The water moccasin is severely wounded.
The water moccasin closely misses you.
You barely miss the water moccasin.
The water moccasin is severely wounded.
The water moccasin bites you but does no damage.
You closely miss the water moccasin.
The water moccasin is severely wounded.
The water moccasin bites you!
* * * LOW HITPOINT WARNING * * *
You barely miss the water moccasin.
The water moccasin is severely wounded.
The water moccasin misses you.
You miss the water moccasin.
The water moccasin is severely wounded.
The water moccasin bites you but does no damage.
You closely miss the water moccasin.
The water moccasin is severely wounded.
The water moccasin barely misses you.
You barely miss the water moccasin.
The water moccasin is severely wounded.
The water moccasin barely misses you.
You hit the water moccasin.
The water moccasin is almost dead.
The water moccasin barely misses you.
You closely miss the water moccasin.
The water moccasin is almost dead.
The water moccasin bites you but does no damage.
You closely miss the water moccasin.
The water moccasin is almost dead.
The water moccasin bites you but does no damage.
You miss the water moccasin.
The water moccasin is almost dead.
The water moccasin bites you!
You die...

### .... .....
$.....############
[.....S@...†.....∩
$.....####.#######
..... #.# .... #.#
### #.# #.# #.#
##.## ##...##


You could see a water moccasin.

Vanquished Creatures
  A dart slug (D:3)
  2 endoplasms
  3 giant cockroaches (D:3)
  3 goblins
  4 hobgoblins (D:1)
  2 quokkas (D:1)
  3 ball pythons
  9 bats
  4 kobolds
  5 rats
36 creatures vanquished.

Notes
Turn   | Place    | Note
-------+----------+-------------------------------------------
     0 | D:1      | dracfodder the Gargoyle Berserker began the quest for the
                  | Orb.
     0 | D:1      | Reached XP level 1. HP: 14/14 MP: 1/1
   515 | D:1      | Reached XP level 2. HP: 3/20 MP: 2/2
  1049 | D:1      | Found a faded altar of an unknown god.
  1053 | D:1      | Reached skill level 4 in Fighting
  1512 | D:3      | Reached XP level 3. HP: 24/24 MP: 3/3
  1528 | D:3      | Found a glowing drain.
  1543 | D:3      | Reached ** piety under Trog
  1568 | Sewer    | Entered a sewer
  1655 | Sewer    | Noticed a water moccasin
  1681 | Sewer    | Slain by a water moccasin

Illustrated notes

Levels and vault maps discovered:
D:1:      saegor_arrival_simple_e, layout_basic,
          hellmonk_ecumenical_altar_arch_garden
D:2:      layout_loops_ring
D:3:      layout_loops_ring, portal_sewer_entry_a, goddamned_bats
Sewer:    sewer_big_baddie

Skill      XL: |  1  2  3 |
---------------+----------+-----
Fighting       | 4 |  4.1
Axes           | 3 |  3.0
Armour         | |  2.4
Dodging        | |  1.9

Action                   || total
-------------------------++-------
Melee: Hand axe          ||   134
       Punch             ||     3
Invok: Berserk           ||     1
Armor: Animal skin       ||    14
       Ring mail         ||    68
Dodge: Dodged            ||    91

Table legend: (Time is in decaauts)
 A = Elapsed time spent in this place.
 B = Non-inter-level travel time spent in this place.
 C = Inter-level travel time spent in this place.
 D = Time resting spent in this place.
 E = Time spent auto-exploring this place.
 F = Levels seen in this place.
 G = Mean time per level.
                   A        B        C        D        E       F      G
               +--------+--------+--------+--------+--------+-----+--------+
         Total |   1705 |   1628 |     77 |    251 |   1017 |   4 |  426.2 |
       Dungeon |   1588 |   1511 |     77 |    251 |    979 |   3 |  529.3 |
         Sewer |    117 |    117 |      0 |      0 |     38 |   1 |  117.0 |
               +--------+--------+--------+--------+--------+-----+--------+

Top non-repeatable levels by time:
     D:1: 1467 daAuts
   Sewer: 117 daAuts
     D:3: 68 daAuts
     D:2: 52 daAuts
